 Dungeon Crawl Stone Soup version 0.27-a0-1193-g8631133539 (webtiles) character file.

Game seed: 12892879056679527869

914 EnegeticOcto the Magician (level 8, -4/50 HPs)
             Began as a Djinni Earth Elementalist on May 25, 2021.
             Was a Believer of Makhleb.
             Shot with an arrow by a centaur (13 damage)
             ... on level 8 of the Dungeon.
             The game lasted 00:12:45 (1644 turns).

EnegeticOcto the Magician (DjEE)                    Turns: 1644, Time: 00:12:46

Health: -4/50      AC:  3    Str:  7    XL:     8   Next: 30%
Gold:   193        EV: 16    Int: 18    God:    Makhleb [**....] SH:  0 Dex: 15

rFire    + + .     SeeInvis +   t - +1 triple sword
rCold    x . .     Faith    .   (shield currently unavailable)
rNeg     . . .     Spirit   .   c - +0 robe
rPois    ∞         Reflect  .   (no helmet)
rElec    .         Harm     .   l - +0 cloak
rCorr    .         Rampage  .   (no gloves)
Will     .....                  (boots unavailable)
Stlth    ++........             (no amulet)
HPRegen  0.16/turn              f - +4 ring of evasion
MPRegen  0.00/turn              k - ring of see invisible

@: flying
A: sickness immunity, fire resistance 2, cold vulnerability 1, float, innate
caster, hp casting, extra vitality 1
a: Renounce Religion, Minor Destruction


You were on level 8 of the Dungeon.
You worshipped Makhleb.
Makhleb was pleased with you.
You visited 1 branch of the dungeon, and saw 9 of its levels.

You collected 193 gold pieces.

Inventory:

Hand Weapons
 t - a +1 triple sword (weapon)
   (You found it on level 5 of the Dungeon)
Missiles
 d - 112 stones
 g - 17 poisoned darts
Armour
 c - a +0 robe (worn)
 l - a +0 cloak (worn)
   (You found it on level 7 of the Dungeon)
Jewellery
 f - a +4 ring of evasion (left hand)
   (You found it on level 2 of the Dungeon)
 k - a ring of see invisible (right hand)
   (You found it on level 6 of the Dungeon)
Wands
 m - a wand of iceblast (12) {@v2}
   (You found it on level 3 of the Dungeon)
Scrolls
 h - a scroll of enchant weapon
 i - a scroll of noise
 o - 3 scrolls of teleportation {@r3 !r}
 p - a scroll of acquirement
 s - a scroll of vulnerability
Potions
 a - 2 potions of berserk rage {unknown}
 b - a potion of brilliance
 e - a potion of flight {unknown}
 j - a potion of ambrosia {unknown}
 n - 3 potions of curing {unknown}
 q - a potion of cancellation {unknown}
 r - 2 potions of degeneration {unknown}


   Skills:
 - Level 2.1 Dodging
 - Level 1.5 Stealth
 + Level 7.3 Spellcasting


You had one spell level left.
You knew the following spells:

 Your Spells              Type           Power      Damage    Failure   Level
a - Sandblast             Erth           66%        2d15      1%          1
b - Stone Arrow           Conj/Erth      66%        3d11      1%          3
c - Petrify               Tmut/Erth      33%        N/A       4%          4
d - Lee's Rapid Deconstr  Erth           16%        3d11*     14%         5
e - Wereblood             Tmut           33%        N/A       1%          2
f - Ensorcelled Hibernat  Hex/Ice        66%        N/A       1%          2
p - Passwall              Tmut/Erth      27%        N/A       1%          2
z - Foxfire               Conj/Fire      100%       2x1d9     1%          1
Your spell library was empty.

Dungeon Overview and Level Annotations

Branches:
Dungeon (9/15)             Temple (0/1) D:5
   Lair: D:8-11         Orc: D:9-12

Altars:
Elyvilon
Gozag
Makhleb
Vehumet

Annotations:
D:5 1 runed translucent door, brujo666's ghost, novice DsWn


Innate Abilities, Weirdness & Mutations

You are immune to sickness and miasma.
You are immune to poison.
Your flesh is very heat resistant. (rF++)
You are vulnerable to cold. (rC-)
You float through the air rather than walking.
You learn spells naturally, not from books.
Your magical power is your life essence.
You have superior vitality. (+4 HP)


Message History

A wight comes into view. It is wielding a +4 flail.
An orc wizard comes into view. It is wielding a +0 dagger of freezing.
The orc closely misses you.
You riposte.
You barely miss the orc.
Casting: Sandblast (safe; 1% risk of failure)
Confirm with . or Enter, or press ? or * to list all spells.
The spell is quite dangerous to cast (16% risk of failure)!
Continue anyway?
Okay, then.
Okay, then.
Okay, then.
You see here a howler monkey corpse.
An orc warrior comes into view. It is wielding a +0 long sword.
Casting: Lee's Rapid Deconstruction (quite dangerous; 16% risk of failure)
Confirm with . or Enter, or press ? or * to list all spells.
Aiming: Sandblast (safe; 1% risk of failure)
Press: ? - help, Shift-Dir - straight line, f - orc
Aim: an orc, wielding a +0 short sword and wearing a +0 scale mail (84% to hit)
The blast of sand misses the orc.
The orc warrior shouts!
The orc hits you with a +0 short sword.
An orc comes into view. It is wielding a +0 hand axe.
There is a stone staircase leading up here.
You fly upwards.
There is a stone staircase leading down here.
A centaur comes into view.
There is an open door here.
A centaur comes into view.
An orc priest comes into view. It is wielding a +0 dagger.
The orc priest shouts!
You hear an angry hiss.
You hear a shout! x2
A water moccasin comes into view.
The orc priest looks braver for a moment.
The centaur wields a +1 vorpal shortbow.
The centaur shoots an arrow.
The arrow closely misses you.
Casting: Sandblast (safe; 1% risk of failure)
Confirm with . or Enter, or press ? or * to list all spells.
Aiming: Stone Arrow (safe; 1% risk of failure)
Press: ? - help, Shift-Dir - straight line, f - centaur
Aim: a centaur, wielding a +1 vorpal shortbow and quivering arrows (84% to hit)
The stone arrow hits the centaur!
The centaur is heavily wounded.
Casting: Stone Arrow (safe; 1% risk of failure)
Confirm with . or Enter, or press ? or * to list all spells.
Aiming: Stone Arrow (safe; 1% risk of failure)
Press: ? - help, Shift-Dir - straight line, f/p - centaur
Aim: a centaur, wielding a +1 vorpal shortbow and quivering arrows (heavily wounded, 84% to hit)
The stone arrow hits the centaur!!
You kill the centaur!
Makhleb accepts your kill.
Casting: Stone Arrow (safe; 1% risk of failure)
Confirm with . or Enter, or press ? or * to list all spells.
Aiming: Sandblast (safe; 1% risk of failure)
Press: ? - help, Shift-Dir - straight line, f - orc priest
Aim: an orc priest, wielding a +0 dagger (82% to hit)
The blast of sand hits the orc priest!
The orc priest is severely wounded.
The orc priest barely misses you.
You riposte.
You barely miss the orc priest.
The orc priest is severely wounded.
Casting: Sandblast (safe; 1% risk of failure)
Confirm with . or Enter, or press ? or * to list all spells.
Aiming: Sandblast (safe; 1% risk of failure)
Press: ? - help, Shift-Dir - straight line, f/p - orc priest
Aim: an orc priest, wielding a +0 dagger (severely wounded, 82% to hit)
The blast of sand hits the orc priest!
You kill the orc priest!
Makhleb accepts your kill.
You feel better.
An orc comes into view. It is wielding a +0 mace.
Casting: Sandblast (safe; 1% risk of failure)
Confirm with . or Enter, or press ? or * to list all spells.
Aiming: Sandblast (safe; 1% risk of failure)
Press: ? - help, Shift-Dir - straight line, f - orc
Aim: an orc, wielding a +0 mace (82% to hit)
The blast of sand hits the orc!
You kill the orc!
Makhleb accepts your kill.
You feel better.
Items here: ( )) †.
You see here a +0 mace.
Items here: ( )) †.
Okay, then.
An orc wizard comes into view. It is wielding a +0 dagger.
The centaur shouts!
The orc wizard shouts!
The centaur wields a +0 shortbow.
The centaur shoots an arrow.
The arrow hits you!
You hear an angry hiss.
You see here a +0 mace.
The orc wizard points at you and mumbles some strange words.
You easily resist.
Items here: ( )) †.
Casting: Sandblast (safe; 1% risk of failure)
Confirm with . or Enter, or press ? or * to list all spells.
Aiming: Stone Arrow (safe; 1% risk of failure)
Press: ? - help, Shift-Dir - straight line, f - centaur
Aim: a centaur, wielding a +0 shortbow and quivering arrows (84% to hit)
The stone arrow hits the centaur!
The centaur is severely wounded.
* * * LOW HITPOINT WARNING * * *
The centaur shoots an arrow.
The arrow hits you.
* * * LOW HITPOINT WARNING * * *
The centaur shoots an arrow.
The arrow hits you!
You die...

..........c
....#.........###
.........#'.....#
.....o.c. '..c..#
#....# #.....#
#.###.....#
#.c##.....#
.###)##.....#
..#@..#.....#
#....#.#.....#
#.###.#..#'#####
#..........#
#..........#
#..........# ## #
.#####(.........#
.. . ..
#.............###
..#⌠ ##+#.
#........>........


You could see a centaur.

Vanquished Creatures
  A yak (D:9)
  An ogre (D:3)
  A centaur (D:8)
  A wyvern zombie (D:6)
  2 water moccasin skeletons
  3 howler monkeys
  A centaur zombie (D:8)
  A crimson imp (D:5)
  An orc priest (D:8)
  2 iguanas
  2 orc wizards (D:5)
  A hound skeleton (D:4)
  7 adders
  An ufetubus (D:5)
  2 worms (D:2)
  A dart slug (D:3)
  8 orcs
  An endoplasm (D:2)
  3 goblins
  4 hobgoblins
  10 jackals
  4 kobolds
  3 quokkas
  4 ball pythons
  A frilled lizard (D:2)
  3 rats
69 creatures vanquished.

Vanquished Creatures (collateral kills)
  3 gnolls (D:6)
  An orc (D:6)
4 creatures vanquished.

Vanquished Creatures (others)
  100 foxfires
100 creatures vanquished.

Grand Total: 173 creatures vanquished

Notes
Turn   | Place    | Note
-------+----------+-------------------------------------------
     0 | D:1      | EnegeticOcto the Djinni Earth Elementalist began the quest
                  | for the Orb.
     0 | D:1      | Reached XP level 1. HP: 15/15 MP: 0/0
    28 | D:1      | Reached XP level 2. HP: 11/21 MP: 0/0
    59 | D:1      | Reached skill level 3 in Spellcasting
    98 | D:2      | Found a faded altar of an unknown god.
   105 | D:2      | Became a worshipper of Makhleb the Destroyer
   105 | D:2      | Reached * piety under Makhleb
   252 | D:2      | Reached XP level 3. HP: 15/25 MP: 0/0
   252 | D:2      | Learned a level 1 spell: Foxfire
   441 | D:2      | Reached XP level 4. HP: 21/31 MP: 0/0
   545 | D:3      | Noticed an ogre
   553 | D:3      | Killed an ogre
   554 | D:3      | Reached skill level 4 in Spellcasting
   554 | D:3      | Reached XP level 5. HP: 28/35 MP: 0/0
   554 | D:3      | Learned a level 2 spell: Wereblood
   765 | D:4      | Reached ** piety under Makhleb
   911 | D:4      | Found a white marble altar of Elyvilon.
   930 | D:5      | Entered Level 5 of the Dungeon
   933 | D:5      | Reached XP level 6. HP: 39/40 MP: 0/0
   938 | D:5      | Found a burning altar of Makhleb.
   944 | D:5      | Reached skill level 5 in Spellcasting
  1045 | D:5      | Found a runed translucent door.
  1059 | D:5      | Noticed brujo666's ghost (novice DsWn)
  1090 | D:5      | Found a staircase to the Ecumenical Temple.
  1117 | D:5      | Reached XP level 7. HP: 30/45 MP: 0/0
  1117 | D:5      | Learned a level 2 spell: Ensorcelled Hibernation
  1128 | D:6      | Reached skill level 6 in Spellcasting
  1218 | D:6      | Found an opulent altar of Gozag.
  1234 | D:6      | Identified a scroll of acquirement
  1596 | D:9      | Noticed a yak
  1599 | D:9      | Noticed a yak
  1599 | D:9      | Noticed a yak
  1600 | D:9      | Killed a yak
  1601 | D:9      | Reached skill level 7 in Spellcasting
  1601 | D:9      | Reached XP level 8. HP: 31/50 MP: 0/0
  1601 | D:9      | Noticed a yak
  1644 | D:8      | Shot with an arrow by a centaur

Illustrated notes

Levels and vault maps discovered:
D:1:      tarquinn_simple_flora_water_e, layout_rooms
D:2:      layout_loops_ring, ebering_ecumenical_altar_hall
D:3:      layout_basic, general_overflow_altar, serial_shops, shop_statue
D:4:      layout_cave_pools, lemuel_doored_altar, elyvilon_altar_4
D:5:      kennysheep_kobold_camp, layout_basic, makhleb_grotto_becter,
          minmay_temple_entry_mini_moons, serial_shops, nicolae_shop_stone,
          ebering_ghost_sewer_f, hangedman_decor_diamond_cutter
D:6:      layout_gridville, grunt_gozag_statues, grunt_decor_cap
D:7:      layout_rooms, serial_shops, nicolae_shop_stone,
          minmay_misc_feat_enclosed
D:8:      due_chaos_kobolds, layout_basic, tso_metal_star,
          evilmike_ruin_ashenzari, uniq_maggie
D:9:      layout_roguey, grunt_ministairs_2

Skill      XL: |  1  2  3  4  5  6  7 |
---------------+----------------------+-----
Spellcasting   | 3 4 5 7 |  7.3
Dodging        | |  2.1
Stealth        | |  1.5

Action                   |  1- 3 |  4- 6 |  7- 9 || total
-------------------------+-------+-------+-------++-------
Melee: Triple sword      |       |       |     1 ||     1
 Cast: Sandblast         |    35 |    13 |     7 ||    55
       Foxfire           |     3 |    30 |    22 ||    55
       Stone Arrow       |       |     9 |    13 ||    22
       Passwall          |       |     1 |     3 ||     4
  Use: Scroll            |       |       |     9 ||     9
Armor: Robe              |       |     1 |       ||     1
Dodge: Dodged            |     3 |    16 |    15 ||    34
       Rpst.: Triple sword |       |       |     5 ||     5

Table legend: (Time is in decaauts)
 A = Elapsed time spent in this place.
 B = Non-inter-level travel time spent in this place.
 C = Inter-level travel time spent in this place.
 D = Time resting spent in this place.
 E = Time spent auto-exploring this place.
 F = Levels seen in this place.
 G = Mean time per level.
                   A        B        C        D        E       F      G
               +--------+--------+--------+--------+--------+-----+--------+
         Total |   1756 |   1742 |     14 |      0 |      0 |   9 |  195.1 |
       Dungeon |   1756 |   1742 |     14 |      0 |      0 |   9 |  195.1 |
               +--------+--------+--------+--------+--------+-----+--------+

Top non-repeatable levels by time:
     D:2: 414 daAuts
     D:5: 318 daAuts
     D:6: 254 daAuts
     D:3: 251 daAuts
     D:4: 186 daAuts
     D:8: 179 daAuts
     D:1: 79 daAuts
     D:7: 52 daAuts
     D:9: 19 daAuts
